 Dungeon Crawl Stone Soup version 0.17.0-26-gececa24 (webtiles) character file.

143 Raultor the Changer (level 5, -6/33 HPs)
             Began as an Octopode Transmuter on Nov 19, 2015.
             Mangled by a gnoll
             ... wielding a +0 whip
              (9 damage)
             ... on level 4 of the Dungeon.
             The game lasted 00:05:30 (2891 turns).

Raultor the Changer (Octopode Transmuter)           Turns: 2891, Time: 00:05:30

Health: -6/33      AC:  2    Str: 10    XL:     5   Next: 25%
Magic:  5/8        EV: 12    Int: 15    God:
Gold:   228        SH:  0    Dex: 13    Spells: 2 memorised, 4 levels left

rFire  . . .     SeeInvis .       - Unarmed
rCold  . . .     Clarity  .     (no shield)
rNeg   . . .     SustAt   .     (helmet restricted)
rPois  .         Gourm    .     (no amulet)
rElec  .         Spirit   .     k - ring of stealth
rCorr  .         Warding  .     m - ring of teleportation (curse)
rMut   .         Rnd*Tele +     (no ring)
MR     .....                    (no ring)
Stlth  +++.......               (no ring)
                                (no ring)
                                (no ring)
                                (no ring)

@: very slightly contaminated, not resistant to hostile enchantments, fairly
stealthy
A: almost no armour, amphibious, 8 rings, constrict 8, molten scales 1,
camouflage 1, gelatinous body 1
a: Evoke Teleportation


You were on level 4 of the Dungeon.
You were not hungry.

You visited 1 branch of the dungeon, and saw 4 of its levels.

You collected 228 gold pieces.

Inventory:

Missiles
 a - 30 arrows
 i - 132 stones (quivered)
Jewellery
 k - a ring of stealth (left tentacle)
 m - a cursed ring of teleportation (right tentacle)
Scrolls
 h - 3 scrolls of identify
Potions
 d - 3 potions of might
 e - a potion of brilliance
 g - a potion of heal wounds
 l - a potion of magic
 n - 2 potions of curing {unknown}
 o - a potion of flight {unknown}
Books
 b - a book of Changes

   Spells                             Type                      Level
   a - Beastly Appendage              Transmutation                1
   b - Sticks to Snakes               Transmutation                2
   c - Spider Form                    Transmutation/Poison         3
   d - Ice Form                       Ice/Transmutation            4
   e - Blade Hands                    Transmutation                5
Comestibles
 f - a beef jerky
 j - a royal jelly
 p - 3 fruits
 q - a meat ration


   Skills:
 - Level 1.0 Fighting
 - Level 2.0 Dodging
 - Level 3.0 Unarmed Combat
 - Level 2.0 Spellcasting
 + Level 5.3 Transmutations


You had 4 spell levels left.
You knew the following spells:

 Your Spells              Type           Power        Failure   Level  Hunger
a - Beastly Appendage     Trmt           ###...       2%          1    #......
b - Spider Form           Trmt/Pois      #.........   24%         3    ###....


Dungeon Overview and Level Annotations

Branches:
Dungeon (4/15)
 Temple: D:4-7

Altars:


Innate Abilities, Weirdness & Mutations

You cannot wear most types of armour.
You are amphibious.
You can wear up to eight rings at the same time.
You can use your tentacles to constrict eight enemies at once.
Your skin changes colour to match your surroundings (Stealth).
Your rubbery body absorbs attacks (AC +1).
You are partially covered in molten scales (AC +1).


Message History

The gnoll hits you.
You tentacle-slap the gnoll. You grab the gnoll.
The gnoll is heavily wounded.
You constrict the gnoll. The gnoll completely misses you.
You tentacle-slap the gnoll.
The gnoll is severely wounded.
You constrict the gnoll. The gnoll barely misses you.
You tentacle-slap the gnoll.
You kill the gnoll!
Eat which item? (? for menu, Esc to quit)
The gnoll hits you with a whip.
The gnoll hits you from afar with a spear.
You continue eating.
The gnoll hits you with a whip!
The gnoll hits you from afar with a spear!
You continue eating.
The gnoll hits you from afar with a spear!
* * * LOW HITPOINT WARNING * * *
The gnoll hits you with a whip!
You die...

..# #.# #.# #.# #.# #.#
#.# ###### #@# #.....
### #g# #.....
.....#g###########.....
..........g.............
#####.#.............)..#
#.#................# #
#................#
#................#
#................#


You could see 2 gnolls.

Vanquished Creatures
  A hound skeleton (D:4)
  5 adders
  A gnoll (D:4)
  2 oozes
  A worm (D:3)
  A giant gecko (D:3)
  2 ball pythons
  6 bats
  2 giant cockroaches
  7 goblins
  9 hobgoblins
  7 jackals
  7 kobolds
  4 giant newts
  8 rats
63 creatures vanquished.

Notes
Turn   | Place    | Note
--------------------------------------------------------------
     0 | D:1      | Raultor the Octopode Transmuter began the quest for the Orb.
     0 | D:1      | Reached XP level 1. HP: 13/13 MP: 3/3
   174 | D:1      | Reached XP level 2. HP: 13/18 MP: 5/5
   541 | D:1      | Reached XP level 3. HP: 21/23 MP: 6/6
   546 | D:1      | Learned a level 3 spell: Spider Form
   973 | D:1      | Gained mutation: You are partially covered in molten scales (AC +1). [potion of beneficial mutation]
  1340 | D:2      | Reached skill level 4 in Transmutations
  1549 | D:2      | Reached XP level 4. HP: 26/28 MP: 7/7
  2395 | D:3      | Reached skill level 5 in Transmutations
  2412 | D:3      | Reached XP level 5. HP: 29/33 MP: 8/8
  2548 | D:3      | Noticed an ogre
  2891 | D:4      | Mangled by a gnoll

Action                   |  1- 3 |  4- 6 || total
-------------------------+-------+-------++-------
Melee: Unarmed           |    91 |    76 ||   167
 Cast: Spider Form       |     1 |     1 ||     2
  Use: Potion            |     4 |       ||     4
       Scroll            |       |     4 ||     4
 Stab: Sleeping          |     4 |    10 ||    14
       Distracted        |       |     1 ||     1
  Eat: Chunk             |     1 |     4 ||     5
       Bread ration      |       |     1 ||     1
